Unix NetHack Version 3.7.0-94 Work-in-progress - last build Dec 18 2023 00:11:04 (7e3deff068b9ef4f2ebb9a71ea0f5c4a3b578a14,branch:master). Game began 2024-01-01 17:14:32, ended 2024-01-01 17:31:10. Arasaka, chaotic male orcish Rogue ---------- ------- --- ---..|..|..| --.|.|.-- -------.--- --..........--- |.......-- |.........| -- |.............------..-....-- |..-----..| .| ----..........................| --..-----.| -- --.| ---..........--.....--..........-- |-...| |.| --.--..---|...........---....-----.........| |*...| |.| |........||...........||.....| ---.......-- |)---- |%-- |....u.|.--...........--....-| ------......| --.| |.<-- |....@.|.......---.|.........| |..| --.....-----.+| --..| --.............| -----......----|..| --.....|....-- --.-- |.............-- --.....--.--..-------...|)---- --..| --.--..........| |................| --..%.| |...| -----.........-- ------.............-----.--- --.-- --........>.-- .-----...............).).| --- |...................................----- --..-------.......-------.........--- |..| --......| -------...| ---- --.--.-- --.-- -- -- --- Arasaka the Rogue St:15 Dx:18 Co:19 In:12 Wi:8 Ch:10 Chaotic Dlvl:9 $:39 HP:0(66) Pw:16(16) AC:4 Xp:7/1045 T:3332 Latest messages: The giant spider's bite was poisoned! The poison doesn't seem to affect you. You hit the giant spider! The giant spider bites! The giant spider bites! You hit the giant spider! The giant spider bites! You hit the giant spider! The giant spider bites! You kill the giant spider! You see here a giant spider corpse. b - an uncursed +0 orcish dagger (at the ready) (13 in total). You see here a giant spider corpse. You climb up the stairs. You stop waiting. You feel strong! You must have been exercising diligently. The killer bee just misses! You kill the killer bee! The killer bee stings! The killer bee stings! You kill the killer bee! You hit the killer bee! The killer bee stings! The killer bee's sting was poisoned! The poison doesn't seem to affect you. The killer bee stings! You kill the killer bee! The killer bee stings! You kill the killer bee! The horse kicks! The horse bites! The horse misses! The horse bites! You hit the horse! The horse kicks! The horse misses! The horse kicks! The horse bites! You hit the horse! The horse kicks! The horse misses! The horse kicks! The horse bites! You hit the horse! The horse kicks! The horse bites! The horse kicks! The horse bites! You die... Inventory: Coins ('$') $ - 39 gold pieces Weapons (')') a - a blessed +2 elven dagger named x (weapon in right hand) M - an uncursed +0 elven dagger b - 13 uncursed +0 orcish daggers (at the ready) Armor ('[') n - an uncursed +0 pair of leather gloves (being worn) G - an uncursed +0 pair of iron shoes (being worn) c - an uncursed +1 leather armor (being worn) Comestibles ('%') C - an uncursed taco L - an uncursed cram ration t - 3 uncursed food rations T - an uncursed tripe ration Potions ('!') D - 2 uncursed potions of healing F - a cursed potion of healing S - an uncursed potion of paralysis N - an uncursed potion of speed H - an uncursed potion of water Rings ('=') r - a blessed +2 ring of gain constitution (on left hand) Wands ('/') w - an uncursed wand of enlightenment (0:12) O - an uncursed wand of make invisible (0:5) Tools ('(') f - an empty uncursed sack p - an uncursed blindfold e - an uncursed lock pick P - an uncursed oil lamp q - an uncursed +0 pick-axe Gems/Stones ('*') A - an uncursed obsidian stone B - an uncursed worthless piece of red glass E - an uncursed luckstone Arasaka the Rogue's attributes: Background: You were a Rogue, level 7 male orc. You were chaotic, on a mission for Kos who was opposed by Issek (lawful) and Mog (neutral). You were right-handed. You were in the Gnomish Mines, on level 9. You entered the dungeon 3332 turns ago. You had 1045 experience points, 235 more were needed to attain level 8. Basics: You had 0 out of 66 hit points. You had all 16 energy points (spell power). Your armor class was 4. Your wallet contained 39 zorkmids. Autopickup was on for '$"?' plus thrown, with exceptions. Final Characteristics: Your strength was 15 (limit:18/50). Your dexterity was 18 (limit:18). Your constitution was 19 (base:17, innate limit:18). Your intelligence was 12 (limit:16). Your wisdom was 8 (limit:16). Your charisma was 10 (limit:16). Final Status: You weren't hungry. You were unencumbered. You were wielding a dagger. You had expert skill with dagger. Final Attributes: You were piously aligned. You were fire resistant. You were poison resistant. You had infravision. You were stealthy. You were warded. You were lucky. You had extra luck. Bad luck did not time out for you. Good luck did not time out for you. You are dead. Miscellaneous: You disabled loading of bones levels. Total elapsed playing time was 16 minutes and 37 seconds. Major events: Turn 1: Arasaka the chaotic male orcish Rogue entered the dungeon 418: entered the Gnomish Mines 1274: attained the rank of Cutpurse (level 3) 2364: attained the rank of Rogue (level 6) 2470: reached Mine Town 3332: killed by a horse Vanquished creatures: a small mimic a giant spider a gnome ruler a jaguar a dwarf leader a blue jelly a fire ant 2 rock moles 9 gnome leaders 2 gnomish wizards a straw golem a little dog 10 dwarves a kobold leader 4 killer bees an acid blob 2 hobbits a giant rat 4 cave spiders a green mold 40 gnomes a garter snake a gnome zombie 2 jackals 2 foxes 2 kobolds a goblin a sewer rat 2 grid bugs a bat a lichen 2 kobold zombies 4 newts 106 creatures vanquished. No species were genocided or became extinct. Voluntary challenges: You read items or engraved 10 times. You never engraved Elbereth. You never genocided any monsters. You never polymorphed an object. You never changed form. You used no wishes. Achievements: You entered the Gnomish Mines. You attained the rank of Cutpurse. You attained the rank of Rogue. You entered Minetown. You entered a shop. You entered a temple. The Dungeons of Doom: levels 1 to 5 Level 1: Level 2: A fountain. Level 3: A fountain. Stairs down to The Gnomish Mines. Level 4: "v" Some fountains, a sink. Level 5: "s" A throne, a sink. The Gnomish Mines: levels 4 to 10 Level 4: Level 5: Level 6: Level 7: Some shops, a temple and an altar, some fountains. Level 8: Level 9: <- You were here. Final resting place for you, killed by a horse. Level 10: Game over: ---------- / \ / REST \ / IN \ / PEACE \ / \ | Arasaka | | 39 Au | | killed by a | | horse | | | | | | 2024 | *| * * * | * _________)/\\_//(\/(/\)/\//\/|_)_______ Goodbye Arasaka the Rogue... You died in The Gnomish Mines on dungeon level 9 with 4716 points, and 39 pieces of gold, after 3332 moves. You were level 7 with a maximum of 66 hit points when you died.